 Dungeon Crawl Stone Soup version 0.26.0-45-g9c1d065592 (webtiles) character file.

Game seed: 17310418258454972619

1124 Gauvater the Chopper (level 8, -2/106 HPs)
             Began as a Palentonga Fighter on Jan 28, 2021.
             Was a Follower of Wu Jian.
             Slain by a hornet (9 damage)
             ... on level 5 of the Dungeon.
             The game lasted 00:27:21 (6405 turns).

Gauvater the Chopper (Palentonga Fighter)           Turns: 6405, Time: 00:27:22

Health: -2/106     AC: 24    Str: 18 (21) XL:     8   Next: 13%
Magic:  8/8        EV:  1    Int:  7 (10) God:    Wu Jian [*.....]
Gold:   337        SH: 14    Dex:  8 (9)  Spells: 7/7 levels left

rFire    . . .     SeeInvis +   y - +4 hand axe
rCold    . . .     Faith    .   c - +0 kite shield
rNeg     + + +     Spirit   .   (armour currently unavailable)
rPois    +         Reflect  +   (helmet currently unavailable)
rElec    .         Harm     .   (cloak currently unavailable)
rCorr    .         Rampage  .   (gloves currently unavailable)
Will     .....     NoTele   +   (no barding)
Stlth    +.........             o - amulet of reflection
HPRegen  0.27/turn              k - +4 ring of evasion
MPRegen  0.11/turn              F - ring of wizardry

@: lethally poisoned (-2 -> -3), tree-form
A: large, rugged brown scales 3, see invisible
a: Renounce Religion


You were on level 5 of the Dungeon.
You worshipped Wu Jian.
Wu Jian was aware of your devotion.
You were a tree.
You visited 2 branches of the dungeon, and saw 6 of its levels.
You also visited: Ossuary.

You collected 337 gold pieces.

Inventory:

Hand Weapons
 a - a +0 war axe
 y - a +4 hand axe (weapon)
Missiles
 f - 33 bolts
 g - 189 stones
 r - 10 poisoned darts
 s - 62 arrows
Armour
 b - a +0 scale mail
 c - a +0 kite shield (worn)
 z - a +3 ring mail of cold resistance (melded)
Jewellery
 k - a +4 ring of evasion (left branch)
 o - an amulet of reflection (around neck)
 p - a +6 ring of dexterity
 F - a ring of wizardry (right branch)
Scrolls
 i - 3 scrolls of fear {unknown}
 j - 2 scrolls of enchant weapon
 l - a scroll of teleportation {unknown}
 m - 2 scrolls of immolation {unknown}
 v - 5 scrolls of identify
 x - a scroll of fog {unknown}
 A - a scroll of remove curse
 C - a scroll of noise {unknown}
 D - a scroll of amnesia {unknown}
Potions
 d - a potion of might
 e - 2 potions of degeneration
 n - 4 potions of curing
 u - 2 potions of brilliance {unknown}
 w - a potion of invisibility {unknown}
 B - 2 potions of mutation {unknown}
 E - 3 potions of magic {unknown}
 G - a potion of heal wounds {unknown}


   Skills:
 + Level 4.3 Fighting
 + Level 6.4 Axes
 + Level 0.2 Throwing
 + Level 4.3 Armour
 + Level 1.8 Dodging
 + Level 0.3 Stealth
 + Level 4.0 Shields


You had 7 spell levels left.
You didn't know any spells.
Your spell library contained the following spells:

 Spells                   Type           Power        Failure   Level
 Freeze                   Ice            0%           45%         1
 Frozen Ramparts          Ice            0%           82%         3
 Ozocubu's Armour         Ice            0%           82%         3
 Hailstorm                Conj/Ice       0%           99%         4
 Summon Ice Beast         Ice/Summ       0%           99%         4


Dungeon Overview and Level Annotations

Branches:
Dungeon (5/15)             Temple (1/1) D:4         Ossuary (visited)

Altars:
Fedhas
Hepliaklqana
Makhleb
Okawaru
Qazlal
Trog
Wu Jian
Xom
Zin
The Shining One


Innate Abilities, Weirdness & Mutations

(You are completely covered in rugged brown scales. (AC +3, +7% HP))
You have supernaturally acute eyesight. (SInv)
((Armour fits poorly on your strangely shaped body.))
((You can roll at nearby foes to attack.))
((You have a long armoured tail.))
((You curl defensively after being hit.))


Message History

You feel sick. You block the hornet's attack.
The hornet stings you but does no damage.
You closely miss the hornet.
The hornet is moderately wounded.
You feel sick. The hornet completely misses you.
The hornet stings you but does no damage.
You hit the hornet.
The hornet is heavily wounded.
You feel yourself speed up.
The hornet stings you but does no damage. x2
You closely miss the hornet.
The hornet is heavily wounded.
You feel sick. You block the hornet's attack.
The hornet stings you but does no damage.
You hit the hornet but do no damage.
The hornet is heavily wounded.
You feel sick. The hornet stings you!
* * * LOW HITPOINT WARNING * * *
The hornet stings you!
You die...

,,,,,,,,,,,,,,,,,,,*******,,,**..
,,,,,,,,,,,,,**#.#** ***,,...
,,,,,,,,....,* #.# ***#..
,,,,,,,,....,**#.# #..
,,,,,,,,.....,*#.##**********##..
,,>,,,,,.....,,...,,,,,,,,,,,[...
,,,,,*,,......*#.#************#..
********,.....##.# ########.
*,,,,,,,,,,*#...♣# #.......#
*,,,,,,,,,,*###.y### #.......#
*,,,,,,,,,,* ##....######.......#
*,,,,,,,,,,* #..................#
******,*,,***#.........##.......#
*,*,,,.....#+##..###........
*,*,,*###..#,,#..# #....>..#
*,,,** #..#,,#..######.#### *,,,*
#..####...#####..###


You could see a hornet.

Vanquished Creatures
  Menkaure (Ossuary)
  An ice beast (D:4)
  A phantom (D:4)
  An ogre (D:4)
  A troll zombie (Ossuary)
  3 centaur zombies (Ossuary)
  2 human zombies (Ossuary)
  A hound (D:5)
  Jessica (D:2)
  Ijyb (D:4)
  3 worker ants
  Terence (D:2)
  An ogre zombie (Ossuary)
  7 mummies
  10 adders
  4 gnolls (D:2)
  A white imp (D:5)
  2 ufetubi (D:4)
  An ooze (D:3)
  An adder zombie (Ossuary)
  An adder skeleton (D:4)
  2 dart slugs
  2 leopard geckos (D:1)
  3 orcs
  4 ball pythons (D:3)
  3 giant cockroaches
  7 goblins
  7 hobgoblins
  7 jackals (D:3)
  A quokka (D:3)
  11 bats
  A frilled lizard (D:4)
  2 gnoll zombies (Ossuary)
  5 goblin zombies (Ossuary)
  4 hobgoblin zombies (Ossuary)
  8 kobolds
  4 kobold zombies (Ossuary)
  2 quokka zombies (Ossuary)
  9 rats
  5 rat zombies (Ossuary)
132 creatures vanquished.

Vanquished Creatures (others)
  A plant (D:1)
1 creature vanquished.

Grand Total: 133 creatures vanquished

Notes
Turn   | Place    | Note
-------+----------+-------------------------------------------
     0 | D:1      | Gauvater the Palentonga Fighter began the quest for the
                  | Orb.
     0 | D:1      | Reached XP level 1. HP: 20/20 MP: 1/1
    70 | D:1      | Reached XP level 2. HP: 26/27 MP: 2/2
   793 | D:2      | Reached XP level 3. HP: 8/33 MP: 3/3
   878 | D:2      | Noticed Terence
  1238 | D:2      | Noticed Jessica
  1242 | D:2      | Killed Jessica
  1246 | D:2      | Reached XP level 4. HP: 33/40 MP: 4/4
  1901 | D:2      | Reached skill level 3 in Axes
  2543 | D:2      | Killed Terence
  2544 | D:2      | Reached XP level 5. HP: 48/48 MP: 5/5
  3527 | D:3      | Reached skill level 4 in Axes
  3856 | D:4      | Reached skill level 1 in Dodging
  3863 | D:4      | Reached XP level 6. HP: 39/54 MP: 6/6
  4035 | D:4      | Found a shimmering altar of Xom.
  4395 | D:4      | Found a staircase to the Ecumenical Temple.
  4414 | Temple   | Entered the Ecumenical Temple
  4536 | Temple   | Became a worshipper of the Wu Jian Council
  4618 | D:4      | Noticed Ijyb
  4686 | D:4      | Killed Ijyb
  5025 | D:5      | Entered Level 5 of the Dungeon
  5025 | D:5      | Noticed an ice beast
  5036 | D:4      | Reached skill level 5 in Axes
  5173 | D:4      | Killed an ice beast
  5174 | D:4      | Gained mutation: You curl defensively after being hit.
                  | [Palentonga growth]
  5174 | D:4      | Reached XP level 7. HP: 55/62 MP: 7/7
  5275 | D:5      | Found a sand-covered staircase.
  5395 | Ossuary  | Entered an ossuary
  5830 | Ossuary  | Reached * piety under Wu Jian
  6176 | Ossuary  | Noticed Menkaure
  6184 | Ossuary  | Killed Menkaure
  6185 | Ossuary  | Reached skill level 6 in Axes
  6185 | Ossuary  | Reached XP level 8. HP: 71/71 MP: 8/8
  6387 | D:5      | Noticed a hornet
  6405 | D:5      | Slain by a hornet

Illustrated notes

Levels and vault maps discovered:
D:1:      amcnicky_arrival_flooded_fountain, layout_rooms, serial_forest,
          infiniplex_forest_lined_3, infiniplex_forest_corner_1,
          infiniplex_forest_clump_diagonal, infiniplex_forest_straight_3,
          minmay_misc_feat_pillars, minmay_misc_feat_columns
D:2:      layout_rooms, serial_rivers, chequers_serial_rivers_micro_c,
          chequers_serial_rivers_large_a, chequers_serial_rivers_small_b,
          chequers_serial_rivers_marsh, chequers_serial_rivers_small_3,
          uniq_terence, uniq_jessica
D:3:      layout_rooms, minmay_snake_closets
D:4:      layout_loops_corners, kennysheep_little_box,
          minmay_temple_entry_offerings, minmay_diced_spiral, uniq_ijyb
D:5:      minmay_octagon_keep, layout_rooms, gup_ossuary_entry_pyramid,
          corexii_shack, nemelex_altar_shiori
Temple:   hc_temple_tempest_star

Skill      XL: |  1  2  3  4  5  6  7 |
---------------+----------------------+-----
Armour         | 3 4 |  4.3
Axes           | 3 4 5 6 |  6.4
Shields        | 3 4 |  4.0
Dodging        | 1 |  1.8
Fighting       | 4 |  4.3
Throwing       | |  0.2
Stealth        | |  0.3

Action                   |  1- 3 |  4- 6 |  7- 9 || total
-------------------------+-------+-------+-------++-------
Melee: War axe           |    86 |   202 |    34 ||   322
       Tailslap          |     9 |    27 |    30 ||    66
       Hand axe          |       |       |   134 ||   134
Throw: Stone             |     9 |       |       ||     9
       Dart              |       |     1 |       ||     1
Invok: Lunge             |       |       |     2 ||     2
       Whirlwind         |       |       |     3 ||     3
 Abil: Rolling Charge    |    15 |    25 |     2 ||    42
  Use: Scroll            |       |     6 |     1 ||     7
       Potion            |       |       |     4 ||     4
Armor: Scale mail        |    54 |    81 |       ||   135
       Ring mail         |       |     3 |    26 ||    29
       Skin              |       |       |     5 ||     5
Dodge: Dodged            |    31 |    72 |    43 ||   146
Block: Kite shield       |    55 |   175 |    91 ||   321
       Reflection        |       |     1 |       ||     1
